 Dungeon Crawl Stone Soup version 0.30.0-5-g1a98f26d00 (webtiles) character file.

Game seed: 2439985894075777372

57 Jackthecabe the Shooter (level 3, -1/26 HPs)
             Began as a Demonspawn Hexslinger on May 9, 2023.
             Slain by an orc wizard
             ... wielding a +0 whip
              (2 damage)
             ... on level 3 of the Dungeon.
             The game lasted 00:04:26 (1666 turns).

Jackthecabe the Shooter (Demonspawn Hexslinger)     Turns: 1666, Time: 00:04:30

Health: -1/26      AC:  5    Str: 10    XL:     3   Next: 73%
Magic:  4/4        EV: 11    Int: 14    God:
Gold:   123        SH:  0    Dex: 15    Spells: 3/4 levels left

rFire   . . .        b - +0 dagger
rCold   . . .        (no shield)
rNeg    . . .        j - +0 leather armour
rPois   .            (helmet restricted)
rElec   .            (no cloak)
rCorr   .            (no gloves)
SInv    .            (no boots)
Will    .....        (no amulet)
Stlth   +            (no ring)
HPRegen 0.24/turn    (no ring)
MPRegen 0.09/turn

%: no passive effects
@: confused
A: yellow scales 1, foul stench 1, hooves 1, horns 1, screaming 1, evolution 1
a: no special abilities


You were on level 3 of the Dungeon.
You visited 1 branch of the dungeon, and saw 3 of its levels.

You collected 123 gold pieces.


Innate Abilities, Weirdness & Mutations

You are partially covered in yellow scales. (AC +2)
You may rarely emit foul miasma when damaged in melee.
You have large cloven feet.
You have a pair of small horns on your head.
You occasionally shout uncontrollably at your foes.
You have hidden genetic potential.


   Skills:
 - Level 1.0 Fighting
 + Level 3.7 Ranged Weapons
 - Level 1.7 Dodging
 - Level 1.0 Spellcasting
 - Level 3.0 Hexes


You had 3 spell levels left.
You knew the following spells:

 Your Spells              Type           Power      Damage    Failure   Level
s - Slow                  Hex            36%        N/A       11%         1

Your spell library contained the following spells:

 Spells                   Type           Power      Damage    Failure   Level
 Summon Small Mammal      Summ           0%         N/A       34%         1
 Inner Flame              Hex/Fire       4%         N/A       50%         3
 Portal Projectile        Hex/Tloc       8%         N/A       50%         3
 Summon Guardian Golem    Hex/Summ       4%         N/A       50%         3
 Call Canine Familiar     Summ           0%         N/A       71%         3
 Cause Fear               Hex            4%         N/A       71%         4

Inventory:

Hand Weapons
 a - a +1 sling
 b - a +0 dagger (weapon)
Missiles
 m - 3 poisoned darts
Armour
 c - a +0 robe
 e - a +0 helmet
 j - a +0 leather armour (worn)
Jewellery
 C - a ring of protection from cold
Scrolls
 d - 2 scrolls of teleportation {unknown}
 f - 6 scrolls of identify {unknown}
 h - a scroll of fear {unknown}
 i - a scroll of poison
Potions
 k - a potion of haste {unknown}
 l - a potion of heal wounds {unknown}

Dungeon Overview and Level Annotations

Branches:
Dungeon (3/15)

Altars:

Shops:
D:1

[
##############
#............#
#)##########.#
#.# #.# #{#
#{#
#####.########
#@#
........)..>.#
#)#
........##...#
#.#
...##.#..).#.#
#.# .#.#
.####...###.#
...#
............#
.#.#
######..#####
...# #..##
.#.# #...#


There were no monsters in sight!


Message History

No target in view!
No target in view!
You hit something but do no damage. Something hits you.
You closely miss something. Something hits you.
* * * LOW HITPOINT WARNING * * *
You miss something.
You hear some strange, mumbled words.
You are confused.
You miss something. Something hits you.
* * * LOW HITPOINT WARNING * * *
You closely miss something. Something hits you but does no damage.
You bump into the rock wall.
You hear some strange, mumbled words.
A magic dart appears from out of thin air!
The magic dart hits you!
* * * LOW HITPOINT WARNING * * *
Unknown command.
You completely miss something. Something hits you but does no damage.
You closely miss something.
You hear some strange, mumbled words.
A magic dart appears from out of thin air!
The magic dart hits you.
* * * LOW HITPOINT WARNING * * *
It was a potion of mutation.
You feel extremely strange.
You feel the urge to shout. A pair of horns grows on your head!
Your +0 helmet falls away!
You feel a hidden potential growing inside you.
Your feet thicken and deform.
Something hits you.
You die...

Skill      XL: |  1  2 |
---------------+-------+-----
Ranged Weapons | 2 3 |  3.7
Fighting       | |  1.0
Dodging        | |  1.7
Spellcasting   | |  1.0
Hexes          | |  3.0

Action                     || total
---------------------------++-------
  Melee: Dagger            ||    31
   Fire: Sling             ||   105
   Cast: Slow              ||    12
    Use: Potion            ||     1
 Armour: Robe              ||     2
         Leather armour    ||    33
  Dodge: Dodged            ||    48

Levels and vault maps discovered:
D:1:      shiori_arrival_oz, layout_basic, serial_shops, nicolae_diamond_shop,
          shapermc_ecumenical_altar_totnotflames
D:2:      layout_loops_ring
D:3:      layout_loops_ring, nzn_wu_jian_contemplation, kennysheep_orc_chapel

Notes
Turn   | Place    | Note
-------+----------+-------------------------------------------
     0 | D:1      | Jackthecabe the Demonspawn Hexslinger began the quest for
                  | the Orb.
     0 | D:1      | Reached XP level 1. HP: 15/15 MP: 2/2
    32 | D:1      | Reached skill level 2 in Ranged Weapons
   193 | D:1      | Gained mutation: You are partially covered in yellow
                  | scales. (AC +2) [demonic ancestry]
   193 | D:1      | Reached XP level 2. HP: 21/21 MP: 3/3
   256 | D:1      | Found Xanylat's Antique Armour Shop.
   398 | D:1      | Found a faded altar of an unknown god.
   641 | D:2      | Reached skill level 3 in Ranged Weapons
  1105 | D:2      | Gained mutation: You may rarely emit foul miasma when
                  | damaged in melee. [demonic ancestry]
  1105 | D:2      | Reached XP level 3. HP: 13/26 MP: 1/4
  1665 | D:3      | HP: 1/26 [something/magic dart (3)]
  1666 | D:3      | Gained mutation: You occasionally shout uncontrollably at
                  | your foes. [potion of mutation]
  1666 | D:3      | Gained mutation: You have a pair of small horns on your
                  | head. [potion of mutation]
  1666 | D:3      | Gained mutation: You have hidden genetic potential. [potion
                  | of mutation]
  1666 | D:3      | Gained mutation: You have large cloven feet. [potion of
                  | mutation]
  1666 | D:3      | Slain by an orc wizard

Vanquished Creatures
  2 adders
  4 orcs (D:3)
  2 ball pythons
  5 endoplasms
  A giant cockroach (D:1)
  4 goblins
  A quokka (D:1)
  6 bats
  2 frilled lizards (D:2)
  4 kobolds
  4 rats
35 creatures vanquished.

Table legend: (Time is in decaauts)
 A = Elapsed time spent in this place.
 B = Non-inter-level travel time spent in this place.
 C = Inter-level travel time spent in this place.
 D = Time resting spent in this place.
 E = Time spent auto-exploring this place.
 F = Levels seen in this place.
 G = Mean time per level.
                   A        B        C        D        E       F      G
               +--------+--------+--------+--------+--------+-----+--------+
         Total |   1691 |   1579 |    112 |     23 |   1096 |   3 |  563.7 |
       Dungeon |   1691 |   1579 |    112 |     23 |   1096 |   3 |  563.7 |
               +--------+--------+--------+--------+--------+-----+--------+

Top non-repeatable levels by time:
     D:2: 747 daAuts
     D:1: 685 daAuts
     D:3: 258 daAuts

Table legend:
 A = Non-vault XP
 B = Vault XP
 C = Vault XP percentage of total XP
 D = Non-vault monster count
 E = Vault monster count
 F = Vault count percentage of total count
                 A         B        C        D         E       F
            +---------+---------+-------+---------+---------+-------
      Total |      79 |       3 |   3.7 |      33 |       2 |   5.7
            +---------+---------+-------+---------+---------+-------
        D:1 |      25 |       3 |  10.7 |      16 |       2 |  11.1
        D:2 |      23 |       0 |   0.0 |       8 |       0 |   0.0
        D:3 |      31 |       0 |   0.0 |       9 |       0 |   0.0
            +---------+---------+-------+---------+---------+-------
